 Dungeon Crawl Stone Soup version 0.30.0-19-g36f170ea60 (webtiles) character file.

Game seed: 386272424755233891

629 MacCMillion the Chopper (level 7, -2/57 HPs)
             Began as a Ghoul Fighter on May 30, 2023.
             Splashed by a jelly's acid (4 damage)
             ... on level 5 of the Dungeon.
             The game lasted 00:07:07 (3744 turns).

MacCMillion the Chopper (Ghoul Fighter)             Turns: 3744, Time: 00:07:08

Health: -2/57      AC: -8    Str: 22    XL:     7   Next: 48%
Magic:  6/6        EV:  9    Int:  3    God:
Gold:   137        SH:  9    Dex:  8    Spells: 6/6 levels left

rFire   . . .        a - +1 war axe
rCold   + . .        c - +0 buckler
rNeg    + + +        b - +0 scale mail
rPois   ∞            t - +0 helmet
rElec   .            F - scarf {repulsion}
rCorr   .            (no gloves)
SInv    .            (no boots)
Will    +....        G - amulet of reflection Stlth
                     e - ring of flight
HPRegen 0.00/turn    y - ring of willpower
MPRegen 0.10/turn

%: repel missiles, reflection
@: corroded, flying, inhibited regen
A: claws 1, cold resistance 1, negative energy resistance 3, inhibited
regeneration, torment resistance 2, devour on kill
a: no special abilities


You were on level 5 of the Dungeon.
You visited 1 branch of the dungeon, and saw 5 of its levels.

You collected 137 gold pieces.

Inventory:

Hand Weapons
 a - a +1 war axe (weapon)
Missiles
 n - 4 javelins
 p - 7 poisoned darts (quivered)
 r - 4 datura-tipped darts
 C - 4 boomerangs
Armour
 b - a +0 scale mail (worn)
 c - a +0 buckler (worn)
 t - a +0 helmet (worn)
 F - a scarf of repulsion (worn)
Jewellery
 e - a ring of flight (left claw)
 k - an amulet of magic regeneration
 v - an amulet of faith
 y - a ring of willpower (right claw)
 G - an amulet of reflection (around neck)
Wands
 q - a wand of polymorph (14)
 E - a wand of acid (8)
Scrolls
 h - a scroll of identify
 i - 3 scrolls of enchant weapon
 l - a scroll of enchant armour {unknown}
 s - 2 scrolls of teleportation {unknown}
 w - a scroll of fog {unknown}
 x - a scroll of vulnerability {unknown}
 z - a scroll of noise {unknown}
 A - a scroll of magic mapping {unknown}
 B - a scroll of blinking {unknown}
 H - a scroll of summoning {unknown}
Potions
 d - 3 potions of might
 f - 3 potions of degeneration
 g - 2 potions of cancellation
 j - a potion of attraction {unknown}
 m - 3 potions of curing {unknown}
 o - a potion of flight {unknown}
 u - a potion of invisibility {unknown}
 D - a potion of ambrosia {unknown}


   Skills:
 - Level 3.2 Fighting
 + Level 6.8 Axes
 - Level 2.6 Armour
 - Level 4.0 Shields


You had 6 spell levels left.
You didn't know any spells.
Your spell library contained the following spells:

 Spells                   Type           Power      Damage    Failure   Level
 Apportation              Tloc           0%         N/A       89%         1
 Necrotise                Necr           0%         1d4       89%         1
 Summon Small Mammal      Summ           0%         N/A       89%         1
 Blink                    Tloc           0%         N/A       96%         2
 Lesser Beckoning         Tloc           0%         N/A       96%         2
 Gell's Gravitas          Tloc           0%         N/A       99%         3
 Teleport Other           Tloc           0%         N/A       99%         3
 Manifold Assault         Tloc           0%         N/A       100%        4
 Storm Form               Tmut/Air       Unusable   N/A       N/A         7

Dungeon Overview and Level Annotations

Branches:
Dungeon (5/15)
 Temple: D:4-7

Altars:
Kikubaaqudgha
Qazlal

Annotations:
D:4 Pikel


Innate Abilities, Weirdness & Mutations

You are immune to poison.
You have sharp fingernails.
Your flesh is cold resistant. (rC+)
You are immune to negative energy. (rN+++)
You do not regenerate when monsters are visible.
You are immune to unholy pain and torment.
You thrive by killing the living.


Message History

No target in view!
A jelly comes into view.
A jelly is nearby!
The jelly quivers.
You see here a +0 ring mail.
You hit the jelly.
Your claws burn!
The jelly is lightly wounded.
The jelly hits you but does no damage.
You hit the jelly.
Your claws burn!
The jelly is lightly wounded.
You block the jelly's attack. x2
You hit the jelly.
Your claws burn!
The jelly is lightly wounded.
The jelly misses you.
You hit the jelly.
Your claws burn!
The jelly is moderately wounded.
You block the jelly's attack.
You hit the jelly. The acid corrodes you!
Your claws burn!
The jelly is moderately wounded.
The jelly barely misses you.
You hit the jelly but do no damage.
Your claws burn!
The jelly is moderately wounded.
The jelly hits you.
You are splashed with acid.
You are too injured to fight recklessly!
You slash the jelly! The acid corrodes you!
Your claws burn!
The jelly is severely wounded.
The jelly hits you. The acid corrodes you!
You are splashed with acid!
* * * LOW HITPOINT WARNING * * *
You block the jelly's attack.
You hit the jelly.
Your claws burn!
* * * LOW HITPOINT WARNING * * *
The jelly is almost dead.
The jelly barely misses you.
You hit the jelly but do no damage. The acid corrodes you!
Your claws burn!
* * * LOW HITPOINT WARNING * * *
The jelly is almost dead.
The jelly barely misses you.
Unknown command.
You hit the jelly but do no damage. The acid corrodes you!
Your claws burn!
You die...

... ............. ###.#
###.......... .....
##......... ..J# #.........
###... #......... ....#
#......... #..# ####......
#..###################.###.
#....[...J@............# #.
##.#################...# ..
#.# #...# .. #.# #.#.# _.
#.# #.#.# #.# #.#.# #.#
#.#.# #. #.#.#


You could see a jelly.

Vanquished Creatures
  Duvessa (D:4)
  A phantom (D:5)
  A scorpion (D:5)
  Dowan (D:4)
  A hound (D:4)
  A jelly (D:5)
  A sleepcap (D:4)
  4 iguanas
  6 adders
  A worm (D:2)
  4 dart slugs
  5 orcs
  5 bats
  9 endoplasms
  4 giant cockroaches
  8 goblins
  7 hobgoblins
  10 jackals
  2 quokkas
  9 ball pythons
  4 frilled lizards
  11 kobolds
  6 rats
102 creatures vanquished.

Notes
Turn   | Place    | Note
-------+----------+-------------------------------------------
     0 | D:1      | MacCMillion the Ghoul Fighter began the quest for the Orb.
     0 | D:1      | Reached XP level 1. HP: 19/19 MP: 0/0
   148 | D:1      | Reached skill level 2 in Axes
   169 | D:1      | Reached XP level 2. HP: 26/26 MP: 1/1
   455 | D:1      | Reached XP level 3. HP: 27/31 MP: 2/2
   775 | D:2      | Found a faded altar of an unknown god.
  1336 | D:2      | Reached XP level 4. HP: 38/38 MP: 3/3
  1362 | D:2      | Reached skill level 3 in Axes
  1576 | D:3      | Found a stormy altar of Qazlal.
  2226 | D:3      | Reached XP level 5. HP: 45/45 MP: 4/4
  2524 | D:4      | Reached skill level 4 in Axes
  2620 | D:4      | Noticed Duvessa
  2620 | D:4      | Noticed Dowan
  2901 | D:4      | Killed Duvessa
  2901 | D:4      | Killed Dowan
  2902 | D:4      | Reached skill level 5 in Axes
  2902 | D:4      | Reached XP level 6. HP: 29/51 MP: 5/5
  3234 | D:4      | Noticed Pikel
  3280 | D:5      | Entered Level 5 of the Dungeon
  3440 | D:5      | Reached skill level 6 in Axes
  3440 | D:5      | Reached XP level 7. HP: 37/57 MP: 6/6
  3652 | D:5      | Found an ancient bone altar of Kikubaaqudgha.
  3743 | D:5      | HP: 2/57 [acid (5)]
  3744 | D:5      | Splashed by a jelly's acid

Illustrated notes

Levels and vault maps discovered:
D:1:      nicolae_arrival_washed_ashore, layout_rooms, minmay_crystal_water
D:2:      layout_loops_corners, shapermc_ecumenical_altar_pompeii
D:3:      layout_loops_ring, nicolae_qazlal_scattered_showers,
          wad_rectangle_vault
D:4:      layout_loops_cross, kennysheep_dice, uniq_pikel, uniq_duvessa
D:5:      lemuel_ice_spiral_2, layout_basic, kiku_gazebo_garden_becter,
          ashenzari_conservatory_becter

Skill      XL: |  1  2  3  4  5  6 |
---------------+-------------------+-----
Axes           | 2 3 5 6 |  6.8
Shields        | 3 4 |  4.0
Fighting       | |  3.2
Armour         | |  2.6

Action                     |  1- 3 |  4- 6 |  7- 9 || total
---------------------------+-------+-------+-------++-------
  Melee: War axe           |    80 |   172 |    27 ||   279
  Throw: Dart              |       |       |     4 ||     4
    Use: Potion            |       |     1 |       ||     1
         Scroll            |       |       |     3 ||     3
 Armour: Scale mail        |    51 |    98 |     3 ||   152
  Dodge: Dodged            |    39 |    74 |     9 ||   122
  Block: Buckler           |    16 |    36 |    11 ||    63
